 Dungeon Crawl Stone Soup version 0.22-a0-448-g1fb7470 (webtiles) character file.

119 pk666 the Firebug (level 4, -6/24 HPs)
             Began as a Deep Elf Fire Elementalist on June 5, 2018.
             Mangled by a wyvern skeleton (11 damage)
             ... on level 3 of the Dungeon.
             The game lasted 00:03:44 (2196 turns).

pk666 the Firebug (Deep Elf Fire Elementalist)      Turns: 2196, Time: 00:03:44

Health: -6/24      AC:  2    Str:  5    XL:     4   Next: 73%
Magic:  6/12       EV: 13    Int: 21    God:
Gold:   105        SH:  0    Dex: 15    Spells: 10/11 levels left

rFire    . . .     SeeInvis .   (no weapon)
rCold    . . .     Gourm    .   (no shield)
rNeg     . . .     Faith    .   a - +0 robe
rPois    .         Spirit   .   (no helmet)
rElec    .         Reflect  .   (no cloak)
rCorr    .         Harm     .   (no gloves)
MR       .....                  (no boots)
Stlth    ++........             (no amulet)
HPRegen  0.08/turn              (no ring)
MPRegen  0.13/turn              (no ring)

@: no status effects
A: no striking features
a: no special abilities


You were on level 3 of the Dungeon.
You were not hungry.

You visited 1 branch of the dungeon, and saw 3 of its levels.

You collected 105 gold pieces.

Inventory:

Armour
 a - a +0 robe (worn)
Scrolls
 b - 5 scrolls of remove curse {unknown}
 e - a scroll of fog {unknown}
 f - 4 scrolls of identify {unknown}
 g - 2 scrolls of teleportation {unknown}
 i - a scroll of enchant weapon {unknown}
Potions
 h - 2 potions of curing {unknown}
Comestibles
 c - 3 rations
 d - 5 chunks of flesh


   Skills:
 - Level 2.4 Dodging
 - Level 2.4 Stealth
 + Level 4.1 Spellcasting
 * Level 3.7 Conjurations
 + Level 4.1 Fire Magic


You had 10 spell levels left.
You knew the following spells:

 Your Spells              Type           Power        Failure   Level  Hunger
a - Flame Tongue          Conj/Fire      ###..        2%          1    None

Your spell library contained the following spells:

 Spells                   Type           Power        Failure   Level  Hunger
 Fireball                 Conj/Fire      ###.......   54%         5    ######.
 Conjure Flame            Conj/Fire      ###.....     7%          3    ###....
 Throw Flame              Conj/Fire      ###...       3%          2    #......
 Sticky Flame             Conj/Fire      ###.....     24%         4    ####...
 Inner Flame              Hex/Fire       ##......     16%         3    ###....


Dungeon Overview and Level Annotations

Branches:
Dungeon (3/15)

Altars:
Qazlal
Xom


Message History

The wyvern skeleton barely misses you. The wyvern skeleton bites you.
* * * LOW HITPOINT WARNING * * *
Casting: Flame Tongue (safe; 2% risk of failure)
Confirm with . or Enter, or press ? or * to list all spells.
Aiming: Flame Tongue (safe; 2% risk of failure)
Press: ? - help, Shift-Dir - straight line, f/p - wyvern skeleton
Aim: a wyvern skeleton (moderately damaged)
The flame tongue hits the wyvern skeleton.
The wyvern skeleton is heavily damaged.
The wyvern skeleton bites you.
* * * LOW HITPOINT WARNING * * *
Casting: Flame Tongue (safe; 2% risk of failure)
Confirm with . or Enter, or press ? or * to list all spells.
Aiming: Flame Tongue (safe; 2% risk of failure)
Press: ? - help, Shift-Dir - straight line, f/p - wyvern skeleton
Aim: a wyvern skeleton (heavily damaged)
The flame tongue hits the wyvern skeleton.
The wyvern skeleton is heavily damaged.
The wyvern skeleton bites you!
You die...

#.# .. #.. .
##..##. ..... #.#
##.<.. #.#.#
....# #.#.# #.Z#
#.#.# #.@###
#.#.#
###....####.#.#
..............#.#
.........##...#.#
#.####.....)#...#
# #.....###.##
#.###..#..# #.#
##.).######### #.
####...........


You could see a wyvern skeleton.

Vanquished Creatures
  2 adders
  4 gnolls (D:2)
  A worm (D:2)
  A leopard gecko (D:1)
  An orc (D:3)
  A ball python (D:2)
  6 giant cockroaches
  3 goblins
  6 hobgoblins
  5 jackals
  4 kobolds
  A quokka (D:2)
  6 bats
  6 frilled lizards
  10 rats
57 creatures vanquished.

Notes
Turn   | Place    | Note
-------+----------+-------------------------------------------
     0 | D:1      | pk666 the Deep Elf Fire Elementalist began the quest for the Orb.
     0 | D:1      | Reached XP level 1. HP: 10/10 MP: 6/6
   172 | D:1      | Reached XP level 2. HP: 12/15 MP: 5/8
   808 | D:2      | Reached XP level 3. HP: 19/19 MP: 8/10
  1149 | D:2      | Found a shimmering altar of Xom.
  1268 | D:2      | Reached XP level 4. HP: 24/24 MP: 3/11
  1429 | D:2      | Found a stormy altar of Qazlal.
  2196 | D:3      | Mangled by a wyvern skeleton

Vault maps used:
D:1:      minmay_arrival_open_corners
D:2:      lemuel_crystal_altar, nicolae_qazlal_eye_of_the_storm
D:3:      first_ration

Skill      XL: |  1  2  3  4 |
---------------+-------------+-----
Conjurations   | 2 3 |  3.7
Fire Magic     | 4 |  4.1
Spellcasting   | 4 |  4.1
Dodging        | |  2.4
Stealth        | |  2.4

Action                   |  1- 3 |  4- 6 || total
-------------------------+-------+-------++-------
 Cast: Flame Tongue      |    63 |    45 ||   108
  Eat: Chunk             |     1 |     3 ||     4
Armor: Robe              |     5 |     1 ||     6
Dodge: Dodged            |    25 |     6 ||    31

Table legend:
 A = Spawn XP
 B = Non-spawn XP
 C = Spawn XP percentage of total XP
 D = Spawn monster count
 E = Non-spawn monster count
 F = Spawn count percentage of total count
 G = Total turns spent on level
                    A         B        C        D         E        F      G
               +---------+---------+-------+---------+---------+-------+---------
         Total |       0 |     170 |   0.0 |       0 |      57 |   0.0 |  2196
               +---------+---------+-------+---------+---------+-------+---------
           D:1 |       0 |      40 |   0.0 |       0 |      24 |   0.0 |   837
           D:2 |       0 |      98 |   0.0 |       0 |      21 |   0.0 |  1077
           D:3 |       0 |      32 |   0.0 |       0 |      12 |   0.0 |   282
               +---------+---------+-------+---------+---------+-------+---------
